Map: Dusk Towers

Players

Fropez

  • Race: Protoss Protoss
  • League: Silver
  • Spawn Location: 1:00

dragon - Winner!

  • Race: Terran Terran
  • League: Platinum
  • Spawn Location: 7:00

VOD

Have the link to the VOD?

Description

Time

  • Played on: July 1, 2016, 10:46 a.m.
  • Length: 6:17
Show
View Real Time Build Order
Export as new Build Order

Fropez Protoss 

Build Orders:  

Get SALT Encoding   

  12  0:01  Probe (Chrono Boost)  
  13  0:17  Pylon  
  13  0:19  Probe (Chrono Boost)  
  14  0:26  Assimilator  
  14  0:30  Probe (Chrono Boost)  
  15  0:52  Gateway  
  15  0:53  Gateway  
  15  0:56  Probe (Chrono Boost)  
  16  1:14  Probe (Chrono Boost)  
  16  1:18  Pylon  
  17  1:25  Probe (Chrono Boost)  
  18  1:45  Cybernetics Core  
  18  2:00  Nexus  
  18  2:11  Probe (Chrono Boost)  
  19  2:20  Assimilator  
  19  2:27  Pylon  
  19  2:29  Mothership Core (Chrono Boost)  
  21  2:39  Warp Gate (Chrono Boost)  
  21  2:50  Probe (Chrono Boost)  
  22  2:56  Pylon  
  22  3:01  Adept  
  22  3:02  Adept  
  26  3:12  Pylon  
  26  3:25  Probe  
  27  3:28  Probe  
  27  3:29  Pylon  
  28  3:38  Adept  
  30  3:46  Adept  
  32  4:11  Probe  
  32  4:12  Probe  
  32  4:15  Pylon  
  34  4:28  Forge  
  34  4:30  Gateway  
  30  4:33  Pylon  
  31  4:38  Probe  
  31  4:41  Adept  
  33  4:45  Adept  
  35  5:09  Photon Cannon  
  35  5:12  Probe  
  35  5:13  Photon Cannon  
  36  5:15  Probe  
  37  5:34  Stalker  
  31  5:59  Stalker  
  29  6:15  Gateway  
Show
View Real Time Build Order
Export as new Build Order

dragon Terran - Winner!

Build Orders: Liberator Opening 

Get SALT Encoding   

  12  0:01  SCV  
  13  0:14  Supply Depot  
  13  0:18  SCV  
  14  0:38  Barracks  
  14  0:40  SCV  
  15  0:43  Refinery  
  15  0:53  SCV  
  16  1:05  SCV  
  17  1:14  Refinery  
  17  1:18  SCV  
  18  1:27  Supply Depot  
  18  1:29  Marine  
  20  1:35  Orbital Command  
  19  1:53  Factory  
  19  1:55  Marine  
  20  2:07  SCV  
  21  2:13  Marine  
  22  2:17  Engineering Bay  
  22  2:24  SCV  
  22  2:28  Supply Depot  
  23  2:36  SCV  
  24  2:41  Starport  
  24  2:45  Marine  
  24  2:49  SCV  
  26  2:52  Factory Tech Lab  
  26  3:00  Terran Infantry Weapons Level 1  
  26  3:01  SCV  
  27  3:10  Siege Tank  
  30  3:13  SCV  
  30  3:15  Marine  
  32  3:20  Barracks  
  32  3:24  Medivac  
  34  3:28  SCV  
  35  3:36  Supply Depot  
  35  3:38  Marine  
  35  3:40  Liberator  
  36  3:46  Siege Tank  
  39  3:59  Marine  
  43  4:03  Supply Depot  
  43  4:06  Missile Turret  
  43  4:26  Marine  
  43  4:28  Siege Tank  
  44  4:37  Barracks Tech Lab  
  44  4:44  Marine  
  45  4:50  Command Center  
  45  5:02  Marine  
  46  5:20  Marine  
  46  5:43  Marine  
  46  5:44  Siege Tank  
  46  5:46  SCV  
  51  5:58  SCV  
Tags
 
Add a new tag
Caveats
  • Supply blocks, unpowered buildings, or Contaminate may cause inaccurate times.
  • Supply counts are checked every 10 seconds.